 Dungeon Crawl Stone Soup version 0.18.1-48-g4cf74bf (webtiles) character file.

2394 PossumBlood the Cleaver (level 9, 0/70 HPs)
             Began as a Minotaur Fighter on Aug 16, 2016.
             Was a Priest of Okawaru.
             Slain by an orc warrior
             ... wielding a +0 vampiric glaive
              (4 damage)
             ... on level 6 of the Dungeon.
             The game lasted 00:13:57 (5617 turns).

PossumBlood the Cleaver (Minotaur Fighter)          Turns: 5617, Time: 00:13:57

Health: 0/70       AC: 12    Str: 23    XL:     9   Next: 22%
Magic:  8/8        EV:  7    Int:  5    God:    Okawaru [***...]
Gold:   108        SH:  8    Dex: 11    Spells: 0 memorised, 8 levels left

rFire  . . .     SeeInvis .     a - +0 war axe
rCold  . . .     Gourm    .     b - +0 scale mail
rNeg   . . .     Faith    .     c - +0 shield
rPois  .         Spirit   .     (helmet restricted)
rElec  .         Dismiss  .     w - +0 cloak
rCorr  +         Reflect  .     (no gloves)
SustAt .         Harm     .     k - +0 pair of boots
MR     .....                    l - amulet of magic regeneration
Stlth  ..........               m - +4 ring of protection
                                i - ring of resist corrosion

@: heavily drained, not resistant to hostile enchantments, extremely unstealthy
A: retaliatory headbutt, horns 2
a: Heroism, Renounce Religion


You were on level 6 of the Dungeon.
You worshipped Okawaru.
Okawaru was most pleased with you.
You were not hungry.

You visited 1 branch of the dungeon, and saw 6 of its levels.
You also visited: Sewer and Ossuary.

You collected 407 gold pieces.
You spent 299 gold pieces at shops.

Inventory:

Hand Weapons
 a - a +0 war axe (weapon)
 z - a +0 long sword of slicing
 C - a +1 scythe of slicing
Missiles
 g - 87 arrows
 s - 13 tomahawks (quivered)
Armour
 b - a +0 scale mail (worn)
 c - a +0 shield (worn)
 k - a +0 pair of boots (worn)
 w - a +0 cloak (worn)
Rods
 G - a +0 rod of clouds (14/14)
   (You found it on level 5 of the Dungeon)
Jewellery
 i - a ring of resist corrosion (left hand)
 l - an amulet of magic regeneration (around neck)
 m - a +4 ring of protection (right hand)
Wands
 t - a wand of confusion (23/48)
 N - a wand of polymorph (9/24)
Scrolls
 e - 5 scrolls of identify
 n - 4 scrolls of teleportation
 x - 4 scrolls of amnesia {unknown}
 y - a scroll of magic mapping {unknown}
 B - a scroll of recharging {unknown}
 D - a scroll of enchant weapon {unknown}
 E - a scroll of blinking {unknown}
 H - a scroll of remove curse
 I - a scroll of brand weapon
 L - a scroll of random uselessness {unknown}
Potions
 f - 2 potions of flight {unknown}
 h - a potion of cure mutation
 j - a potion of resistance
 o - a potion of mutation {unknown}
 p - 5 potions of agility {unknown}
 q - 4 potions of curing {unknown}
 r - 4 potions of heal wounds {unknown}
 u - 2 potions of lignification {unknown}
 v - a potion of invisibility {unknown}
 A - 3 potions of berserk rage {unknown}
 F - a potion of cancellation {unknown}
 J - a potion of brilliance {unknown}
Books
 K - an Akashic Record

   Spells                             Type                      Level
   a - Dispersal                      Translocation                6
   b - Malign Gateway                 Summoning/Translocation      7
   c - Disjunction                    Translocation                8
   d - Controlled Blink               Translocation                8
Comestibles
 d - 9 fruits
 M - a meat ration
 O - a bread ration
 P - a slice of pizza


   Skills:
 - Level 3.6(1.9) Fighting
 + Level 14.2(12.0) Axes
 - Level 3.6(1.9) Armour
 - Level 3.6(1.9) Shields


You had 8 spell levels left.
You didn't know any spells.

Dungeon Overview and Level Annotations

Branches:
Dungeon (6/15)
 Temple: D:4-7

Altars:
Elyvilon
Gozag
Nemelex Xobeh
Okawaru
Sif Muna
Zin
The Shining One

Shops:
D:5 ?(??


Innate Abilities, Weirdness & Mutations

You reflexively headbutt those who attack you in melee.
You have a pair of horns on your head.


Message History

The orc warrior is severely wounded.
You block the orc warrior's attack.
You hit the orc warrior.
The orc warrior is severely wounded.
The orc warrior hits you with a vampiric glaive!
* * * LOW HITPOINT WARNING * * *
You slash the orc warrior!
The orc warrior is almost dead.
The orc warrior hits you with a vampiric glaive.
* * * LOW HITPOINT WARNING * * *
The orc warrior draws strength from your injuries!
You barely miss the orc warrior. Your headbutt misses the orc warrior.
The orc warrior is almost dead.
You closely miss the orc warrior.
The orc warrior is almost dead.
You block the orc warrior's attack.
You closely miss the orc warrior.
The orc warrior is almost dead.
The orc warrior hits you with a vampiric glaive.
You die...

.....#...# ..................'
.....#...# ..................#
.....'...# ...........(.....#
.....#####################......#
........................##......#
....................[...#.......#
........................#.......#
...............).o......#.......#
................@.......#.......#
......................%.#<.(....#
........................#.......#
........................##......#
#'########'#######'#.... ########
............# .#....
............# .# ...
............# .# .. ............#


You could see an orc warrior.

Vanquished Creatures
  Sigmund (D:4)
  Eustachio (D:5)
  The ghost of PossumBlood the Skirmisher, an amateur HEHu of Okawaru (Sewer)
  Purgy (Sewer)
  A sky beast (D:5)
  2 ogres
  A necrophage (D:5)
  2 phantoms
  A centaur (D:6)
  A scorpion (D:5)
  9 wights
  A howler monkey (D:4)
  2 crimson imps
  2 hounds (D:4)
  7 orc priests
  6 orc wizards
  An iguana (D:5)
  Natasha (twice) (D:3)
  A worker ant (D:5)
  3 mummies
  6 adders
  A gnoll (D:1)
  A river rat (D:5)
  A shadow imp (D:6)
  An ooze (D:2)
  2 worms (D:2)
  A dart slug (D:1)
  4 giant geckos
  19 orcs
  5 giant cockroaches
  4 goblins
  2 hobgoblins
  6 jackals
  4 quokkas
  3 ball pythons
  2 bats
  5 giant newts
  4 gnoll skeletons (Ossuary)
  5 gnoll zombies (Ossuary)
  2 hobgoblin skeletons (Ossuary)
  2 hobgoblin zombies (Ossuary)
  5 kobolds
  5 kobold skeletons (Ossuary)
  4 kobold zombies (Ossuary)
  2 orc skeletons (Ossuary)
  2 orc zombies (Ossuary)
  A quokka skeleton (D:5)
  13 rats
  5 rat skeletons (Ossuary)
  A rat zombie (Ossuary)
164 creatures vanquished.

Vanquished Creatures (others)
  Menkaure (Ossuary)
  A mummy (Ossuary)
  A gnoll skeleton (Ossuary)
  A gnoll zombie (Ossuary)
  A goblin zombie (Ossuary)
  2 hobgoblin skeletons (Ossuary)
  A hobgoblin zombie (Ossuary)
  A kobold skeleton (Ossuary)
  4 kobold zombies (Ossuary)
  An orc skeleton (Ossuary)
  3 orc zombies (Ossuary)
  2 rat skeletons (Ossuary)
  A rat zombie (Ossuary)
20 creatures vanquished.

Grand Total: 184 creatures vanquished

Notes
Turn   | Place    | Note
--------------------------------------------------------------
     0 | D:1      | PossumBlood the Minotaur Fighter began the quest for the Orb.
     0 | D:1      | Reached XP level 1. HP: 19/19 MP: 0/0
   117 | D:1      | Reached skill level 3 in Axes
   251 | D:1      | Reached XP level 2. HP: 7/26 MP: 1/1
   254 | D:1      | HP: 1/26 [dart slug/slug dart (4)]
   578 | D:1      | Reached skill level 4 in Axes
  1003 | D:1      | Noticed a crimson imp
  1031 | D:1      | Killed a crimson imp
  1031 | D:1      | Reached skill level 5 in Axes
  1031 | D:1      | Reached XP level 3. HP: 26/31 MP: 2/2
  1052 | D:2      | Reached XP level 4. HP: 32/39 MP: 3/3
  1074 | D:2      | Found an iron altar of Okawaru.
  1087 | D:2      | Became a worshipper of Warmaster Okawaru
  1454 | D:2      | Found a glowing golden altar of the Shining One.
  1584 | D:3      | Reached skill level 6 in Axes
  1584 | D:3      | Reached XP level 5. HP: 24/45 MP: 4/4
  1767 | D:3      | Noticed Natasha
  1774 | D:3      | Killed Natasha
  1964 | D:3      | Reached skill level 7 in Axes
  1988 | D:3      | Noticed Natasha
  1992 | D:3      | Killed Natasha
  2110 | D:3      | Found a deep blue altar of Sif Muna.
  2524 | D:4      | Found a white marble altar of Elyvilon.
  2525 | D:4      | Found a glowing silver altar of Zin.
  2575 | D:4      | Noticed Sigmund
  2593 | D:4      | Killed Sigmund
  2593 | D:4      | Reached * piety under Okawaru
  2593 | D:4      | Reached skill level 8 in Axes
  2593 | D:4      | Reached XP level 6. HP: 48/51 MP: 5/5
  2620 | D:4      | Reached skill level 9 in Axes
  2620 | D:4      | Reached XP level 7. HP: 30/57 MP: 6/6
  2719 | D:4      | Reached ** piety under Okawaru
  2935 | D:4      | Reached skill level 10 in Axes
  3075 | D:4      | Found a sand-covered staircase.
  3082 | Ossuary  | Entered an ossuary
  3176 | Ossuary  | Killed Menkaure
  3540 | D:4      | Found an opulent altar of Gozag.
  3541 | D:4      | Found a sparkling altar of Nemelex Xobeh.
  3830 | D:5      | Entered Level 5 of the Dungeon
  3893 | D:5      | Found an opulent altar of Gozag.
  3951 | D:5      | Found Rikky's Weapon Shop.
  3980 | D:5      | Noticed Eustachio
  3981 | D:5      | Found Zopukh's Magic Scroll Boutique.
  3987 | D:5      | Killed Eustachio
  3989 | D:5      | Reached skill level 11 in Axes
  3989 | D:5      | Reached XP level 8. HP: 64/64 MP: 7/7
  4008 | D:5      | Found Tirphes's Magic Scroll Shop.
  4011 | D:5      | Bought a scroll of remove curse for 39 gold pieces
  4011 | D:5      | Bought a scroll of brand weapon for 260 gold pieces
  4060 | D:5      | Reached skill level 12 in Axes
  4198 | D:5      | Found a glowing drain.
  4203 | Sewer    | Entered a sewer
  4203 | Sewer    | Noticed PossumBlood's ghost (amateur HEHu)
  4220 | Sewer    | Killed PossumBlood's ghost
  4338 | Sewer    | Noticed Purgy
  4348 | Sewer    | Killed Purgy
  4348 | Sewer    | Reached *** piety under Okawaru
  4530 | D:5      | Found Nuubluedgh's Magic Scroll Shoppe.
  4551 | D:5      | Reached skill level 13 in Axes
  5018 | D:6      | Reached XP level 9. HP: 70/70 MP: 8/8
  5235 | D:6      | Reached skill level 14 in Axes
  5614 | D:6      | HP: 3/70 [orc warrior/vampiric glaive (5)]
  5617 | D:6      | Slain by an orc warrior

Skill      XL: |  1  2  3  4  5  6  7  8  9 |
---------------+----------------------------+-----
Axes           | 3 5 6 8 9 11 13 14 | 14.2
Fighting       | |  3.6
Armour         | |  3.6
Shields        | |  3.6

Action                   |  1- 3 |  4- 6 |  7- 9 || total
-------------------------+-------+-------+-------++-------
Melee: War axe           |    70 |   117 |   292 ||   479
       Headbutt          |    10 |    18 |    48 ||    76
Invok: Heroism           |       |       |     1 ||     1
  Use: Scroll            |     4 |       |     3 ||     7
       Potion            |       |       |     3 ||     3
  Eat: Fruit             |     1 |       |     1 ||     2
       Bread ration      |       |     1 |     1 ||     2
       Beef jerky        |       |       |     1 ||     1
       Meat ration       |       |       |     1 ||     1
Armor: Scale mail        |    36 |    62 |   122 ||   220
Dodge: Dodged            |    17 |    33 |    62 ||   112
Block: Shield            |    25 |    52 |   101 ||   178
